[Event "Groningen Festival 2018-B"]
[Site "Groningen"]
[Date "2018.12.26"]
[Round "5"]
[White "Bezemer, Arno"]
[Black "Viersma, Murk"]
[Result "1-0"]
[ECO "C96"]
[WhiteElo "2278"]
[BlackElo "1939"]
[Annotator "RC"]
[PlyCount "73"]
[EventDate "2018.12.22"]
[EventType "swiss"]
[EventCountry "NED"]
[SourceTitle "playchess.com"]
[Source "ChessBase"]
[SourceQuality "1"]
[TimeControl "40/5400+30:1800+30"]

1. e4 e5 2. Nf3 Nc6 3. Bb5 a6 4. Ba4 Nf6 5. O-O Be7 6. Re1 b5 7. Bb3 d6 8. c3 O-O 9. d4 exd4 10. cxd4 Na5 11. Bc2 c5 12. h3 Nd7 13. Nc3 Nc6 14. Nd5 Nxd4 15. Nxd4 cxd4 16. Qxd4 Bb7 17. Nxe7+ Qxe7 18. Bf4 Ne5 19. Rad1 Rfd8 20. Bb3 Qf6 21. Bg3 Qe7 22. f4 Nc6 23. Qf2 Kh8 24. Bh4 f6 25. Qd2 Qc7 26. Rc1 Re8 27. Qd5 Rad8 28. Qh5 Qe7 29. Bf7 Rf8 30. Bg6 h6 31. Rc3 b4 32. Rc4 a5 33. Rec1 Rc8 34. Bf5 Qe8 35. Qxe8 Rfxe8 36. Bxc8 Rxc8 37. Bg3 1-0

[Event "Groningen Festival 2018-B"]
[Site "Groningen"]
[Date "2018.12.26"]
[Round "5"]
[White "Slagter, Ruben"]
[Black "Wissmann, Dolf"]
[Result "1-0"]
[ECO "B12"]
[WhiteElo "2086"]
[BlackElo "2049"]
[Annotator "NA"]
[PlyCount "69"]
[EventDate "2018.12.22"]
[EventType "swiss"]
[EventCountry "NED"]
[SourceTitle "playchess.com"]
[Source "ChessBase"]
[SourceQuality "1"]
[TimeControl "40/5400+30:1800+30"]

1. e4 c6 2. d4 d6 3. Nc3 Nd7 4. Be3 e5 5. Nge2 Ngf6 6. h3 b5 7. a3 a6 8. g4 Bb7 9. Bg2 d5 10. O-O Bd6 11. exd5 cxd5 12. dxe5 Nxe5 13. Nf4 O-O 14. Ncxd5 Nfxg4 15. hxg4 Qh4 16. f3 Rad8 17. Qe1 Qh6 18. Nh5 Qg6 19. Ndf4 Qxc2 20. Qc1 Qa4 21. Bb6 Rd7 22. b4 Rc8 23. Qb1 Nc4 24. Bc5 Rxc5 25. bxc5 Bxc5+ 26. Kh1 Ne3 27. Re1 Qd4 28. Ra2 g6 29. Rxe3 gxh5 30. Re8+ Bf8 31. Qf5 Qd1+ 32. Kh2 Qd6 33. Rd2 Qxd2 34. Qg5+ Kh8 35. Rxf8# 1-0

[Event "Groningen Festival 2018-B"]
[Site "Groningen"]
[Date "2018.12.26"]
[Round "5"]
[White "Nixdorf, Andre"]
[Black "Brendel, Bergit"]
[Result "1-0"]
[ECO "D07"]
[WhiteElo "1977"]
[BlackElo "1971"]
[Annotator "NA"]
[PlyCount "73"]
[EventDate "2018.12.22"]
[EventType "swiss"]
[EventCountry "NED"]
[SourceTitle "playchess.com"]
[Source "ChessBase"]
[SourceQuality "1"]
[TimeControl "40/5400+30:1800+30"]

1. d4 d5 2. Nf3 Nc6 3. c4 Bg4 4. Nc3 e6 5. cxd5 exd5 6. Bf4 Bb4 7. e3 Nf6 8. Bb5 O-O 9. Qa4 Bxc3+ 10. bxc3 Bxf3 11. gxf3 Nh5 12. Bg3 Qf6 13. Be2 Qh6 14. O-O-O f5 15. f4 Nf6 16. c4 Kh8 17. Bf3 dxc4 18. d5 Ne7 19. d6 cxd6 20. Rxd6 Nc8 21. Re6 Nb6 22. Qb5 Rad8 23. Qxf5 Nbd7 24. Rd1 g6 25. Qa5 Qg7 26. Bh4 Rc8 27. Qc3 Rce8 28. Rdd6 Rxe6 29. Rxe6 b5 30. Bc6 Rf7 31. Bxb5 h6 32. Rd6 Kh7 33. Qd4 g5 34. fxg5 hxg5 35. Bg3 Nb6 36. Be5 Kg6 37. Be8 1-0

[Event "Groningen Festival 2018-B"]
[Site "Groningen"]
[Date "2018.12.26"]
[Round "5"]
[White "Zuiderweg, Edwin"]
[Black "Van Hamond, Fons"]
[Result "1/2-1/2"]
[ECO "B26"]
[WhiteElo "1942"]
[BlackElo "2001"]
[Annotator "NA"]
[PlyCount "54"]
[EventDate "2018.12.22"]
[EventType "swiss"]
[EventCountry "NED"]
[SourceTitle "playchess.com"]
[Source "ChessBase"]
[SourceQuality "1"]
[TimeControl "40/5400+30:1800+30"]

1. e4 c5 2. Nc3 Nc6 3. g3 g6 4. Bg2 Bg7 5. d3 d6 6. Be3 e5 7. Qd2 f5 8. f4 Nf6 9. h3 O-O 10. Nf3 Nh5 11. exf5 gxf5 12. Qf2 Qa5 13. O-O exf4 14. gxf4 h6 15. Bd2 Be6 16. Nd5 Qd8 17. Nh4 Bxb2 18. Rab1 Bd4 19. Be3 Rb8 20. Bf3 Ng7 21. c3 Bxe3 22. Nxe3 Kh7 23. Qg3 Qf6 24. Nd5 Qf7 25. Ne3 Rg8 26. Kh2 Nh5 27. Qf2 d5 1/2-1/2

[Event "Groningen Festival 2018-B"]
[Site "Groningen"]
[Date "2018.12.27"]
[Round "6"]
[White "Tromp, Pieter"]
[Black "Slagter, Ruben"]
[Result "0-1"]
[ECO "B10"]
[WhiteElo "2080"]
[BlackElo "2086"]
[Annotator "NA"]
[PlyCount "55"]
[EventDate "2018.12.22"]
[EventType "swiss"]
[EventCountry "NED"]
[SourceTitle "playchess.com"]
[Source "ChessBase"]
[SourceQuality "1"]
[TimeControl "40/5400+30:1800+30"]

1. e4 c5 2. Nf3 g6 3. c3 Bg7 4. d4 cxd4 5. cxd4 d5 6. exd5 Qxd5 7. Nc3 Qa5 8. Bc4 Nf6 9. Ne5 O-O 10. Qb3 e6 11. O-O Nc6 12. Nxc6 bxc6 13. Bf4 Ba6 14. Rfe1 Nd5 15. Bxd5 cxd5 16. Be5 Bxe5 17. Rxe5 Rab8 18. Qd1 Rxb2 19. Qc1 Rb4 20. Qh6 Rc8 21. Ne4 Qd8 22. Ng5 Qf6 23. Qxh7+ Kf8 24. Qh6+ Qg7 25. Qh3 Rc6 26. Qa3 Rcb6 27. Rb1 Qf6 28. Qc1 0-1

[Event "Groningen Festival 2018-B"]
[Site "Groningen"]
[Date "2018.12.27"]
[Round "6"]
[White "Wissmann, Dolf"]
[Black "Zuiderweg, Edwin"]
[Result "1-0"]
[ECO "A03"]
[WhiteElo "2049"]
[BlackElo "1942"]
[Annotator "NA"]
[PlyCount "89"]
[EventDate "2018.12.22"]
[EventType "swiss"]
[EventCountry "NED"]
[SourceTitle "playchess.com"]
[Source "ChessBase"]
[SourceQuality "1"]
[TimeControl "40/5400+30:1800+30"]

1. f4 d5 2. Nf3 c5 3. g3 Nc6 4. Bg2 Nf6 5. O-O e6 6. d3 Be7 7. c3 O-O 8. Qc2 b6 9. e4 Ba6 10. e5 Nd7 11. Re1 g6 12. a4 Rc8 13. Na3 d4 14. Nb5 Bb7 15. h4 a6 16. Na3 Na5 17. Rb1 Bd5 18. c4 Bb7 19. h5 Nc6 20. Qe2 Re8 21. Nd2 Qc7 22. Kf2 f6 23. hxg6 hxg6 24. Qg4 Kf7 25. exf6 Bxf6 26. Be4 Nf8 27. Rh1 Ne7 28. Bxb7 Qxb7 29. Ne4 Nf5 30. Qf3 Qd7 31. Bd2 Nd6 32. Rh2 Nxe4+ 33. dxe4 Ke7 34. Rbh1 Kd8 35. e5 Bg7 36. b3 Kc7 37. a5 Re7 38. b4 Rf7 39. axb6+ Kxb6 40. Rb1 Ka7 41. bxc5 Rxc5 42. Nb5+ axb5 43. Ra1+ Kb8 44. Ra8+ Kc7 45. Ba5# 1-0

[Event "Groningen Festival 2018-B"]
[Site "Groningen"]
[Date "2018.12.27"]
[Round "6"]
[White "Wilsbeck, Jan B."]
[Black "Bezemer, Arno \[Compact A\]"]
[Result "1/2-1/2"]
[ECO "B21"]
[WhiteElo "1970"]
[BlackElo "2278"]
[Annotator "NA"]
[PlyCount "21"]
[EventDate "2018.12.22"]
[EventType "swiss"]
[EventCountry "NED"]
[SourceTitle "playchess.com"]
[Source "ChessBase"]
[SourceQuality "1"]
[TimeControl "40/5400+30:1800+30"]

1. e4 c5 2. f4 d5 3. exd5 Nf6 4. Nc3 Nxd5 5. Nf3 Nc6 6. Bb5 a6 7. Bxc6+ bxc6 8. d3 g6 9. Ne4 Bg7 10. O-O Nc7 11. Qe1 1/2-1/2

[Event "Groningen Festival 2018-B"]
[Site "Groningen"]
[Date "2018.12.28"]
[Round "7"]
[White "Slagter, Ruben"]
[Black "Van Hamond, Fons"]
[Result "1-0"]
[ECO "B20"]
[WhiteElo "2086"]
[BlackElo "2001"]
[Annotator "NA"]
[PlyCount "69"]
[EventDate "2018.12.22"]
[EventType "swiss"]
[EventCountry "NED"]
[SourceTitle "playchess.com"]
[Source "ChessBase"]
[SourceQuality "1"]
[TimeControl "40/5400+30:1800+30"]

1. e4 c5 2. g3 d5 3. exd5 Qxd5 4. Nf3 Bg4 5. Bg2 Qe6+ 6. Kf1 Nc6 7. h3 Bh5 8. d3 Qd7 9. Be3 e6 10. Nc3 Nf6 11. a4 Be7 12. a5 Rd8 13. g4 Bg6 14. Nh4 Nd5 15. Nxd5 Bxh4 16. Nf4 c4 17. Nxg6 hxg6 18. a6 b6 19. Bf3 cxd3 20. Qxd3 Qxd3+ 21. cxd3 Nd4 22. Bd1 Bf6 23. Rc1 O-O 24. Rc7 Nb5 25. Rb7 Rb8 26. Bf3 Rxb7 27. axb7 Rb8 28. Kg2 Nd6 29. g5 Bxb2 30. Rb1 Bc3 31. Rc1 Bb4 32. Bf4 f6 33. Rc8+ Rxc8 34. Bxd6 Rd8 35. Bxb4 1-0

[Event "Groningen Festival 2018-B"]
[Site "Groningen"]
[Date "2018.12.28"]
[Round "7"]
[White "Wissmann, Dolf"]
[Black "Tromp, Pieter"]
[Result "1-0"]
[ECO "B01"]
[WhiteElo "2049"]
[BlackElo "2080"]
[Annotator "NA"]
[PlyCount "61"]
[EventDate "2018.12.22"]
[EventType "swiss"]
[EventCountry "NED"]
[SourceTitle "playchess.com"]
[Source "ChessBase"]
[SourceQuality "1"]
[TimeControl "40/5400+30:1800+30"]

1. e4 d5 2. exd5 Nf6 3. Nf3 Bg4 4. Bb5+ Nbd7 5. Be2 Nxd5 6. d4 e6 7. O-O Be7 8. c4 N5b6 9. b3 O-O 10. Nc3 c5 11. Be3 Bf5 12. Qd2 Bf6 13. Rac1 Qe7 14. Rfd1 cxd4 15. Nxd4 Bxd4 16. Bxd4 e5 17. Be3 Nf6 18. Nb5 Nc8 19. Qa5 b6 20. Qe1 a6 21. Nc3 Ng4 22. Bd2 Nf6 23. Bg5 Qe6 24. Bd3 e4 25. Bb1 Nd6 26. Bxf6 Qxf6 27. Nd5 Qg5 28. Qd2 Qxd2 29. Rxd2 Rad8 30. Ne7+ Kh8 31. Nc6 1-0

[Event "Groningen Festival 2018-B"]
[Site "Groningen"]
[Date "2018.12.29"]
[Round "8"]
[White "Slagter, Ruben"]
[Black "Haan, Gertjan"]
[Result "0-1"]
[ECO "B20"]
[WhiteElo "2086"]
[BlackElo "1881"]
[Annotator "NA"]
[PlyCount "108"]
[EventDate "2018.12.22"]
[EventType "swiss"]
[EventCountry "NED"]
[SourceTitle "playchess.com"]
[Source "ChessBase"]
[SourceQuality "1"]
[TimeControl "40/5400+30:1800+30"]

1. e4 c5 2. d3 g6 3. g3 Bg7 4. Bg2 Nc6 5. c3 d6 6. Be3 Nf6 7. h3 O-O 8. f4 e5 9. Ne2 Re8 10. Nd2 b6 11. c4 exf4 12. Nxf4 Nd7 13. Rb1 Nde5 14. Nf3 Nxf3+ 15. Qxf3 Ne5 16. Qe2 Qg5 17. Bf2 Bb7 18. O-O h5 19. Nd5 Rac8 20. Kh2 Bxd5 21. Be3 Qe7 22. cxd5 h4 23. g4 Nd7 24. Qd2 Be5+ 25. Kh1 Bg3 26. Bg5 Qe5 27. Rf3 f6 28. Bh6 c4 29. d4 Qxe4 30. Rbf1 Qe2 31. Qb4 g5 32. Rf5 Re7 33. Qa4 Qd2 34. Qa6 Rce8 35. Qxa7 Ne5 36. Qxb6 Nxg4 37. Bxg5 fxg5 38. R5f3 Nf2+ 39. R3xf2 Bxf2 40. Qxd6 Bxd4 41. Qg6+ Bg7 42. d6 Re1 43. Qf7+ Kh7 44. d7 Rf8 45. Be4+ Rxe4 46. Qh5+ Kg8 47. Rxf8+ Kxf8 48. Qf3+ Kg8 49. Qxe4 Qxd7 50. Qxc4+ Kh8 51. Kg2 Qb7+ 52. Kf2 Qxb2+ 53. Kf1 Qc3 54. Qe6 Qf6+ 0-1

[Event "Groningen Festival 2018-B"]
[Site "Groningen"]
[Date "2018.12.29"]
[Round "8"]
[White "Kastelijn, Toine"]
[Black "Wissmann, Dolf"]
[Result "0-1"]
[ECO "A57"]
[WhiteElo "1942"]
[BlackElo "2049"]
[Annotator "NA"]
[PlyCount "66"]
[EventDate "2018.12.22"]
[EventType "swiss"]
[EventCountry "NED"]
[SourceTitle "playchess.com"]
[Source "ChessBase"]
[SourceQuality "1"]
[TimeControl "40/5400+30:1800+30"]

1. d4 Nf6 2. c4 c5 3. d5 b5 4. cxb5 a6 5. f3 axb5 6. e4 Qa5+ 7. Bd2 b4 8. Na3 e6 9. d6 Ba6 10. e5 Bxf1 11. Kxf1 Qa6+ 12. Ne2 bxa3 13. exf6 axb2 14. Rb1 Qxd6 15. Rxb2 Nc6 16. Qb1 gxf6 17. Nc3 Nb4 18. Ne4 Qa6+ 19. Kf2 Nd3+ 20. Kg3 Bd6+ 21. f4 Nxb2 22. Nxf6+ Ke7 23. Qxb2 Qa3+ 24. Bc3 Qxb2 25. Bxb2 Rhb8 26. Ba1 Rxa2 27. Ne4 Rb3+ 28. Kh4 Bxf4 29. Bf6+ Ke8 30. Nxc5 Rb4 31. Nd3 Rc4 32. Kh3 Ra3 33. Rd1 Rc1 0-1

[Event "Groningen Festival 2018-B"]
[Site "Groningen"]
[Date "2018.12.30"]
[Round "9"]
[White "Mijnheer, Peter \[Compact A\]"]
[Black "Beukema, Stefan \[Compact A\]"]
[Result "0-1"]
[ECO "C47"]
[WhiteElo "2076"]
[BlackElo "2407"]
[Annotator "NA"]
[PlyCount "94"]
[EventDate "2018.12.22"]
[EventType "swiss"]
[EventCountry "NED"]
[SourceTitle "playchess.com"]
[Source "ChessBase"]
[SourceQuality "1"]
[TimeControl "40/5400+30:1800+30"]

1. e4 e5 2. Nf3 Nc6 3. Nc3 Nf6 4. d4 exd4 5. Nxd4 Bb4 6. Nxc6 bxc6 7. Bd3 d5 8. exd5 cxd5 9. O-O O-O 10. h3 c6 11. Qf3 Rb8 12. Bf4 Bd6 13. b3 Rb4 14. Bxd6 Qxd6 15. Qg3 Qxg3 16. fxg3 Be6 17. Rf4 Rb7 18. g4 Nd7 19. Re1 h6 20. Na4 c5 21. c4 Rb4 22. Nb2 Nb6 23. Rc1 Rd8 24. Bc2 dxc4 25. a3 Rb5 26. Nxc4 Nxc4 27. bxc4 Rb2 28. Rf2 g6 29. Be4 Rxf2 30. Kxf2 Rd4 31. Bd5 Bxd5 32. cxd5 Rxd5 33. Rc4 Kg7 34. Ke3 Kf6 35. Ra4 Rd7 36. Ke4 Kg5 37. g3 Kf6 38. Ra6+ Ke7 39. Rc6 Rd4+ 40. Ke5 Ra4 41. Rxc5 Rxa3 42. Rc7+ Kf8 43. h4 Rxg3 44. h5 g5 45. Kf6 Rf3+ 46. Ke5 a5 47. Ra7 Rf4 0-1

[Event "Groningen Festival 2018-B"]
[Site "Groningen"]
[Date "2018.12.30"]
[Round "9"]
[White "Wubben, Marcel \[Compact A\]"]
[Black "Balje, Jan \[Compact A\]"]
[Result "0-1"]
[ECO "D47"]
[WhiteElo "1988"]
[BlackElo "2197"]
[Annotator "NA"]
[PlyCount "154"]
[EventDate "2018.12.22"]
[EventType "swiss"]
[EventCountry "NED"]
[SourceTitle "playchess.com"]
[Source "ChessBase"]
[SourceQuality "1"]
[TimeControl "40/5400+30:1800+30"]

1. d4 d5 2. c4 c6 3. e3 Nf6 4. Nc3 e6 5. Nf3 Nbd7 6. Bd3 dxc4 7. Bxc4 b5 8. Bd3 Bb7 9. e4 b4 10. Na4 c5 11. e5 Nd5 12. O-O cxd4 13. Nxd4 Nxe5 14. Bb5+ Nd7 15. Qh5 N5f6 16. Nxe6 Nxh5 17. Nxd8 Rxd8 18. Re1+ Be7 19. Nc5 Bc8 20. Bg5 f6 21. Bd2 Kf7 22. Bc4+ Kg6 23. Rxe7 Ne5 24. Rxe5 fxe5 25. Bxb4 Rd4 26. b3 Rhd8 27. h3 Rd1+ 28. Rxd1 Rxd1+ 29. Kh2 Nf6 30. Bc3 e4 31. Bxf6 gxf6 32. Nxe4 Bf5 33. Nc3 Rd2 34. Nd5 Kg7 35. Kg3 Be6 36. Ne3 Bxc4 37. Nxc4 Rxa2 38. Kf3 Rc2 39. Na5 Kf7 40. h4 h5 41. Ke3 Ke6 42. g3 Rc5 43. Nc4 Rb5 44. Nd2 Rb4 45. f3 f5 46. Kd3 Kd5 47. Kc3 Rb8 48. Kd3 Rb4 49. Kc3 Rb8 50. Kd3 Rg8 51. Nf1 Ke5 52. Ke3 Rg7 53. f4+ Kd5 54. Kd3 Rg8 55. Ne3+ Ke6 56. Nf1 Rc8 57. Kd2 Kd5 58. Kd3 Rc1 59. Ne3+ Ke6 60. Nc2 Kd5 61. Ne3+ Kc5 62. Nxf5 Kb4 63. Nd4 Rc3+ 64. Ke4 Rxg3 65. Nc6+ Kc5 66. Nd4 a5 67. Ne6+ Kd6 68. Nd4 Rh3 69. Nf3 Ke7 70. Nd4 Kf6 71. Nc6 Rxb3 72. Nxa5 Rb4+ 73. Kf3 Kf5 74. Nc6 Rb3+ 75. Kg2 Kxf4 76. Nd4 Ra3 77. Ne2+ Kg4 0-1

[Event "Groningen Festival 2018-B"]
[Site "Groningen"]
[Date "2018.12.30"]
[Round "9"]
[White "Haan, Gertjan"]
[Black "Wissmann, Dolf"]
[Result "1-0"]
[ECO "B12"]
[WhiteElo "1881"]
[BlackElo "2049"]
[Annotator "NA"]
[PlyCount "53"]
[EventDate "2018.12.22"]
[EventType "swiss"]
[EventCountry "NED"]
[SourceTitle "playchess.com"]
[Source "ChessBase"]
[SourceQuality "1"]
[TimeControl "40/5400+30:1800+30"]

1. e4 c6 2. d4 d6 3. c4 Nd7 4. Nf3 h6 5. Nc3 g5 6. Be2 Bg7 7. Be3 Nf8 8. Qc2 a6 9. O-O Ng6 10. Rfd1 Qc7 11. Rac1 e6 12. d5 N8e7 13. c5 exd5 14. exd5 Bf5 15. Qb3 Bxc3 16. cxd6 Qc8 17. Rxc3 Ng8 18. dxc6 bxc6 19. Qc4 Bd7 20. Qe4+ Kf8 21. Bd4 Rh7 22. Ne5 Nf4 23. Qxh7 Nxe2+ 24. Kf1 Be6 25. Kxe2 f6 26. d7 Qd8 27. Ng6# 1-0

[Event "Groningen Festival 2018-B"]
[Site "Groningen"]
[Date "2018.12.30"]
[Round "9"]
[White "Santema, Tjeerd"]
[Black "Tromp, Pieter"]
[Result "0-1"]
[ECO "D88"]
[WhiteElo "1776"]
[BlackElo "2080"]
[Annotator "NA"]
[PlyCount "62"]
[EventDate "2018.12.22"]
[EventType "swiss"]
[EventCountry "NED"]
[SourceTitle "playchess.com"]
[Source "ChessBase"]
[SourceQuality "1"]
[TimeControl "40/5400+30:1800+30"]

1. d4 Nf6 2. c4 g6 3. Nc3 d5 4. cxd5 Nxd5 5. e4 Nxc3 6. bxc3 c5 7. Bc4 Bg7 8. Ne2 O-O 9. O-O Nc6 10. Be3 cxd4 11. cxd4 Bd7 12. Qd2 Rc8 13. Rab1 Na5 14. Bd3 a6 15. Bh6 b5 16. Bxg7 Kxg7 17. h4 Nc4 18. Qf4 Qc7 19. e5 f6 20. Ng3 Be8 21. Bxc4 bxc4 22. Qe4 Bc6 23. d5 Ba8 24. Rfe1 c3 25. Rbc1 Qc4 26. exf6+ exf6 27. Qe7+ Rf7 28. Qa3 Qxd5 29. f3 Qd4+ 30. Kf1 Bd5 31. Ne4 Bc4+ 0-1